 Dungeon Crawl Stone Soup version 0.23.2-1-ga50397a (webtiles) character file.

Game seed: 10124575867731416111

28 Iscandelvey the Vexing (level 3, 26/26 HPs)
             Began as a Demonspawn Arcane Marksman on Apr 27, 2019.
             Quit the game on level 1 of the Dungeon.
             The game lasted 00:00:23 (425 turns).

Iscandelvey the Vexing (Demonspawn Arcane Marksman)  Turns: 425, Time: 00:00:24

Health: 26/26      AC:  3    Str: 10    XL:     3   Next: 0%
Magic:  4/4        EV: 12    Int: 15    God:
Gold:   32         SH:  0    Dex: 13    Spells: 3/4 levels left

rFire    . . .     SeeInvis .   a - +0 hand crossbow
rCold    . . .     Gourm    .   (no shield)
rNeg     . . .     Faith    .   e - +0 robe
rPois    .         Spirit   .   (no helmet)
rElec    .         Reflect  .   (no cloak)
rCorr    .         Harm     .   (no gloves)
MR       .....                  (no boots)
Stlth    +.........             (no amulet)
HPRegen  0.08/turn              (no ring)
MPRegen  0.09/turn              (no ring)

@: no status effects
A: rugged brown scales 1
a: no special abilities


You were on level 1 of the Dungeon.
You were not hungry.

You visited 1 branch of the dungeon, and saw 1 of its levels.

You collected 32 gold pieces.

Inventory:

Hand Weapons
 a - a +0 hand crossbow (weapon)
Missiles
 d - 72 bolts (quivered)
Armour
 e - a +0 robe (worn)
Jewellery
 g - an uncursed ring of protection from magic {unknown}
Scrolls
 b - a scroll of fog {unknown}
 h - a scroll of identify {unknown}
Potions
 c - a potion of haste {unknown}
 i - a potion of flight {unknown}
 j - 2 potions of lignification {unknown}
Comestibles
 f - 3 rations


   Skills:
 + Level 1.2 Fighting
 + Level 2.5 Crossbows
 + Level 1.9 Dodging
 + Level 1.0 Spellcasting
 + Level 3.4 Hexes


You had 3 spell levels left.
You knew the following spells:

 Your Spells              Type           Power        Failure   Level  Hunger
a - Corona                Hex            ##.....      6%          1    ##.....

Your spell library contained the following spells:

 Spells                   Type           Power        Failure   Level  Hunger
 Slow                     Hex            ##......     9%          2    ###....
 Inner Flame              Hex/Fire       #.......     36%         3    ####...
 Portal Projectile        Hex/Tloc       #.....       36%         3    ####...
 Cause Fear               Hex            ##........   52%         4    #####..
 Leda's Liquefaction      Hex/Erth       #.........   77%         4    #####..


Dungeon Overview and Level Annotations

Branches:
Dungeon (1/15)

Altars:


Innate Abilities, Weirdness & Mutations

You are partially covered in rugged brown scales. (AC +1, +3% HP)


Message History

Firing (i - inventory)
d - 73 bolts (quivered)
Press: ? - help, Shift-Dir - straight line, f - bat
Aim: a bat (resting)
You shoot a bolt. The bolt hits the bat!
You kill the bat!
d - 73 bolts (gained 1)
You see here a bat corpse.
Found a stone staircase leading down.
No target in view!
A rat comes into view.
Firing (i - inventory)
d - 73 bolts (quivered)
Press: ? - help, Shift-Dir - straight line, f - rat
Aim: a rat You shoot a bolt.
The bolt hits the rat!
You kill the rat!
You have reached level 3!
Your experience leads to an increase in your attributes!
Increase (S)trength, (I)ntelligence, or (D)exterity?
You feel clever.
Are you sure you want to abandon this character and quit the game? (Confirm with "yes".)

........#######
#............)#
#.(...........#
#.............#
....?........# #
............##### #
#..............# #
#..............# #
#..@...........# #
#..............# #
#..............# #
#>.............# #
#..............### #
#................# #
#..............#.# #
#...........†..#.# #
################.###


There were no monsters in sight!

Vanquished Creatures
  A gnoll (D:1)
  A dart slug (D:1)
  A bat (D:1)
  2 giant cockroaches (D:1)
  A goblin (D:1)
  A frilled lizard (D:1)
  8 kobolds (D:1)
  3 rats (D:1)
18 creatures vanquished.

Notes
Turn   | Place    | Note
-------+----------+-------------------------------------------
     0 | D:1      | Iscandelvey the Demonspawn Arcane Marksman began the quest
                  | for the Orb.
     0 | D:1      | Reached XP level 1. HP: 15/15 MP: 2/2
   208 | D:1      | Gained mutation: You are partially covered in rugged brown
                  | scales. (AC +1, +3% HP) [demonic ancestry]
   208 | D:1      | Reached XP level 2. HP: 15/21 MP: 3/3
   424 | D:1      | Reached XP level 3. HP: 26/26 MP: 4/4
   425 | D:1      | Quit the game

Skill      XL: |  1 |
---------------+----+-----
Crossbows      | 2 |  2.5
Fighting       | |  1.2
Dodging        | |  1.9
Spellcasting   | |  1.0
Hexes          | |  3.4

Action                   || total
-------------------------++-------
 Fire: Hand crossbow     ||    31
Dodge: Dodged            ||     1
